 Dungeon Crawl Stone Soup version 0.32-a0-520-g344ed53f66 (webtiles) character file.

Game seed: 16830341737248785076

1302 lunkers the Arsonist (level 8, -1/66 HPs)
             Began as a Mountain Dwarf Fire Elementalist on Feb 27, 2024.
             Was an Initiate of Sif Muna.
             Slain by a two-headed ogre
             ... wielding a +0 giant spiked club
              (22 damage)
             ... on level 6 of the Dungeon.
             The game lasted 00:11:23 (7438 turns).

lunkers the Arsonist (MDFE)                         Turns: 7438, Time: 00:11:24

Health: -1/66      AC:  7    Str: 12    XL:     8   Next: 31%
Magic:  2/12       EV: 11    Int: 27    God:    Sif Muna [......]
Gold:   265        SH:  0    Dex: 10    Spells: 3/13 levels left

rFire   . . .        b - staff of conjuration
rCold   + . .        (no shield)
rNeg    + . .        h - +1 robe of Responsibility {rC+ rN+ Int+4}
rPois   .            z - +2 helmet
rElec   .            s - +0 cloak
rCorr   .            (no gloves)
SInv    +            (no boots)
Will    .....        (no amulet)
Stlth   ++           m - +6 ring of intelligence
HPRegen 0.31/turn    o - ring of see invisible
MPRegen 0.13/turn

%: no passive effects
@: no status effects
A: runic magic, artefact enchanting
a: Renounce Religion


You were on level 6 of the Dungeon.
You worshipped Sif Muna.
Sif Muna was noncommittal.
You visited 2 branches of the dungeon, and saw 7 of its levels.

You collected 265 gold pieces.

Inventory:

Hand Weapons
 a - the +3 dagger "Butiol" {pain, rN+ Dex+4}
   (You found it on level 4 of the Dungeon)

   Dex+4:     It affects your dexterity (+4).
   rN+:       It protects you from negative energy.
 f - a +0 spear
 j - a +0 scimitar
Armour
 h - the +1 robe of Responsibility (worn) {rC+ rN+ Int+4}
   (You found it on level 5 of the Dungeon)

   Int+4:     It affects your intelligence (+4).
   rC+:       It protects you from cold.
   rN+:       It protects you from negative energy.
 p - the orb of the Known World {mayhem, Str+4 Int+2}
   (You found it on level 3 of the Dungeon)

   Str+4:     It affects your strength (+4).
   Int+2:     It affects your intelligence (+2).
 s - a +0 cloak (worn)
 z - a +2 helmet (worn)
Magical Staves
 b - a staff of conjuration (weapon)
 u - a staff of earth
Jewellery
 m - a +6 ring of intelligence (left hand)
 o - a ring of see invisible (right hand)
Wands
 t - a wand of paralysis (10)
Scrolls
 c - a scroll of poison
 e - 2 scrolls of identify
 l - a scroll of teleportation
 r - a scroll of amnesia
 y - a scroll of immolation
Potions
 d - a potion of lignification
 g - 4 potions of curing
 i - 2 potions of invisibility
 k - 4 potions of might
 n - a potion of mutation
 q - a potion of heal wounds


   Skills:
 + Level 4.0 Fighting
 - Level 1.3 Dodging
 - Level 1.4 Stealth
 - Level 3.0 Spellcasting
 - Level 3.0 Conjurations
 + Level 10.1 Fire Magic
 + Level 2.7 Invocations


You had 3 spell levels left.
You knew the following spells:

 Your Spells              Type           Power      Damage    Failure   Level
b - Scorch                Fire           100%       2d9       1%          2
c - Foxfire               Conj/Fire      100%       2x1d9     1%          1
d - Flame Wave            Conj/Fire      56%        2d13      6%          4
e - Volatile Blastmotes   Fire/Tloc      62%        2d15      3%          3

Your spell library contained the following spells:

 Spells                   Type           Power      Damage    Failure   Level
 Inner Flame              Hex/Fire       31%        N/A       3%          3
 Necrotise                Necr           16%        1d4       9%          1
 Dazzling Flash           Conj/Hex       36%        N/A       14%         3
 Tukima's Dance           Hex            4%         N/A       26%         3
 Vampiric Draining        Necr           4%         2d6       26%         3
 Iskenderun's Mystic Bla  Conj/Tloc      18%        2d6       43%         4
 Dimensional Bullseye     Hex/Tloc       2%         N/A       65%         4
 Martyr's Knell           Necr/Summ      4%         N/A       65%         4
 Starburst                Conj/Fire      28%        6d9       67%         6
 Curse of Agony           Necr           4%         N/A       94%         5
 Maxwell's Capacitive Co  Air            2%         ∞         100%        8


Dungeon Overview and Level Annotations

Branches:
Dungeon (6/15)             Temple (1/1) D:4

Altars:
Cheibriados
Dithmenos
Fedhas
Gozag
Kikubaaqudgha
Makhleb
Nemelex Xobeh
Okawaru
Qazlal
Sif Muna
Trog
Wu Jian
Xom
Yredelemnul
The Shining One


Innate Abilities, Weirdness & Mutations

Your spellcasting is much less encumbered by armour.
You can use scrolls of enchantment on lesser artefacts.


Message History

A two-headed ogre is nearby!
Casting: Foxfire (safe; 1% risk of failure)
Press: ? - help, Q - select action, (/) - cycle Dir - look around, f - activate You feel a surge of power!
You conjure some foxfire!
Casting: Foxfire (safe; 1% risk of failure)
Confirm with . or Enter, or press ? or * to list all spells.
Flames lash the two-headed ogre.
The two-headed ogre is lightly wounded.
The two-headed ogre's fire resistance burns away.
The foxfire hits the two-headed ogre but does no damage.
The two-headed ogre is lightly wounded.
The foxfire hits the two-headed ogre but does no damage.
The two-headed ogre is lightly wounded.
Casting: Scorch (safe; 1% risk of failure)
Confirm with . or Enter, or press ? or * to list all spells.
Okay, then.
Casting: Scorch (safe; 1% risk of failure)
Confirm with . or Enter, or press ? or * to list all spells.
A cloud of volatile blastmotes flares up around you!
Run!
The two-headed ogre attacks as it pursues you!
The two-headed ogre misses you.
The cloud of blastmotes explodes!
The concussive blast engulfs the two-headed ogre!
The two-headed ogre is burned terribly!
The two-headed ogre is heavily wounded.
The concussive blast engulfs you!
You are knocked back by the blast.
Casting: Volatile Blastmotes (dangerous; 3% risk of failure)
Confirm with . or Enter, or press ? or * to list all spells.
Flames lash the two-headed ogre.
The two-headed ogre is burned terribly!
The two-headed ogre is heavily wounded.
Unknown command.
Unknown command.
Casting: Scorch (safe; 1% risk of failure)
Confirm with . or Enter, or press ? or * to list all spells.
Flames lash the two-headed ogre.
The two-headed ogre is heavily wounded.
* * * LOW MAGIC WARNING * * *
The two-headed ogre hits you with a +0 giant spiked club!!
* * * LOW HITPOINT WARNING * * *
The two-headed ogre hits you with a +0 giant spiked club!!
You die...

.......... #.~~#.
........##........
#..~#. ####..####......#
#.~.#.
.#..l#..#.##......#
#.~~#.
.#~~~#..#~##......#
#####.
.#.~~#..#.##......# #.#.
.#####..#####.##### #...
..........##.O....# #...
..........'..@..#.# ####
.#####....#####.#
.#.~~#....# #.#
#######'### ###.#. #.#
.....## #.## #.###.#
#..#####.##.#.## ####
##.........###.######...
####.##...#..........##


You could see a two-headed ogre (combustible).

Vanquished Creatures
  Grinder (D:6)
  Sigmund (D:3)
  A phantom (D:5)
  A centaur (D:5)
  A scorpion (D:5)
  A howler monkey (D:5)
  A bullfrog zombie (D:4)
  An orc priest (D:5)
  3 hounds (D:4)
  A bombardier beetle (D:5)
  2 jellies (D:6)
  2 sleepcaps (D:4)
  Jessica (D:3)
  Natasha (thrice) (D:4)
  An iguana (D:6)
  2 orc wizards
  A hound zombie (D:4)
  2 hound skeletons (D:4)
  6 adders
  A white imp (D:5)
  2 ufetubi (D:6)
  An adder zombie (D:4)
  An adder skeleton (D:4)
  A dart slug (D:4)
  A ribbon worm (D:2)
  9 orcs
  8 endoplasms
  2 giant cockroaches
  5 goblins
  8 hobgoblins
  5 quokkas
  11 ball pythons
  4 bats
  6 kobolds
  7 rats
104 creatures vanquished.

Vanquished Creatures (others)
  A human (D:4)
  364 foxfires
365 creatures vanquished.

Grand Total: 469 creatures vanquished

Notes
Turn   | Place    | Note
-------+----------+-------------------------------------------
     0 | D:1      | lunkers the Mountain Dwarf Fire Elementalist began the
                  | quest for the Orb.
     0 | D:1      | Reached XP level 1. HP: 14/14 MP: 3/3
   178 | D:1      | Reached skill level 4 in Fire Magic
   256 | D:1      | Found a faded altar of an unknown god.
   335 | D:1      | Reached XP level 2. HP: 20/20 MP: 1/4
   349 | D:1      | Learned a level 2 spell: Scorch
   793 | D:1      | Reached skill level 5 in Fire Magic
  1132 | D:1      | Reached XP level 3. HP: 26/26 MP: 2/5
  2492 | D:3      | Noticed Jessica
  2494 | D:3      | Killed Jessica
  2495 | D:3      | Reached skill level 6 in Fire Magic
  2495 | D:3      | Reached XP level 4. HP: 31/33 MP: 1/6
  2661 | D:3      | Identified the orb of the Known World {mayhem, Str+4 Int+2}
  2756 | D:3      | Noticed Sigmund
  2768 | D:3      | Killed Sigmund
  2769 | D:3      | Reached skill level 8 in Fire Magic
  2769 | D:3      | Reached XP level 5. HP: 7/38 MP: 3/7
  2769 | D:3      | Reached XP level 6. HP: 9/45 MP: 3/8
  2818 | D:3      | Learned a level 4 spell: Flame Wave
  3801 | D:4      | Found a staircase to the Ecumenical Temple.
  3811 | Temple   | Entered the Ecumenical Temple
  3841 | Temple   | Became a worshipper of Sif Muna the Loreminder
  3969 | D:4      | Found an ancient bone altar of Kikubaaqudgha.
  3980 | D:4      | Noticed a human
  3982 | D:4      | Killed a human
  4067 | D:4      | Noticed Natasha
  4071 | D:4      | Killed Natasha
  4082 | D:4      | Reached skill level 9 in Fire Magic
  4174 | D:4      | Reached skill level 1 in Fighting
  4210 | D:4      | Reached skill level 1 in Conjurations
  4427 | D:4      | Reached XP level 7. HP: 26/52 MP: 2/10
  4878 | D:4      | Noticed Natasha
  4884 | D:4      | Killed Natasha
  5133 | D:4      | Noticed Natasha
  5135 | D:4      | Killed Natasha
  5407 | D:4      | Identified the +3 dagger "Butiol" {pain, rN+ Dex+4}
  5415 | D:4      | Learned a level 3 spell: Volatile Blastmotes
  5469 | D:5      | Entered Level 5 of the Dungeon
  6136 | D:5      | Reached * piety under Sif Muna
  6435 | D:5      | Identified the +1 robe of Responsibility {rC+ rN+ Int+4}
  6652 | D:5      | Reached XP level 8. HP: 63/63 MP: 5/12
  7007 | D:6      | Noticed Grinder
  7014 | D:6      | Killed Grinder
  7015 | D:6      | Reached skill level 10 in Fire Magic
  7063 | D:6      | Found an iron altar of Okawaru.
  7430 | D:6      | Noticed a two-headed ogre
  7438 | D:6      | Slain by a two-headed ogre

Illustrated notes

Levels and vault maps discovered:
D:1:      lightli_arrival_chessboard, layout_basic, basic_ecumenical_altar,
          hex_large, hangedman_abyss_or_decor_stabs, grunt_decor_cap,
          minmay_misc_feat_enclosed
D:2:      layout_basic
D:3:      layout_loops_ring, uniq_sigmund, uniq_jessica
D:4:      layout_loops_corners, tgw_kikubaaqudgha, minmay_temple_entry_mist,
          serial_park_tiny_pond, kennysheep_small_spiral,
          dilly_guarded_unrand_morg
D:5:      layout_cave_pods, minmay_misc_feat_tiny
D:6:      layout_loops_cross, okawaru_gym_becter, serial_aquarium,
          aquarium_bridge_square [aquarium_subvault_bridge,
          aquarium_subvault_wall, aquarium_subvault_wall,
          aquarium_subvault_wall], aquarium_bridge_long_separate
          [aquarium_subvault_bridge, aquarium_subvault_bridge,
          aquarium_subvault_wall, aquarium_subvault_window,
          aquarium_subvault_bridge, aquarium_subvault_window],
          aquarium_window_fake, aquarium_window_fake, aquarium_window_corner,
          aquarium_view_2d, aquarium_balcony_double_1, aquarium_pool_five,
          uniq_grinder
Temple:   nicolae_temple_god_jail

Skill      XL: |  1  2  3  4  5  6  7  8 |
---------------+-------------------------+-----
Fire Magic     | 4 5 6 8 9 10 | 10.1
Fighting       | 1 3 4 |  4.0
Conjurations   | 1 2 3 |  3.0
Spellcasting   | 2 3 |  3.0
Invocations    | 2 |  2.7
Dodging        | |  1.3
Stealth        | |  1.4

Action                     |  1- 3 |  4- 6 |  7- 9 || total
---------------------------+-------+-------+-------++-------
  Melee: Unarmed           |     1 |       |       ||     1
         Spear             |    18 |       |       ||    18
         Staff             |       |    26 |     1 ||    27
   Cast: Foxfire           |    64 |    72 |    78 ||   214
         Scorch            |     9 |    16 |    23 ||    48
         Volatile Blastmot |       |       |     1 ||     1
    Use: Potion            |       |     1 |       ||     1
         Scroll            |       |       |    14 ||    14
 Armour: Robe              |     4 |    37 |    12 ||    53
  Dodge: Dodged            |    11 |    25 |    11 ||    47
         Repelled          |       |     1 |       ||     1

Table legend: (Time is in decaauts)
 A = Elapsed time spent in this place.
 B = Non-inter-level travel time spent in this place.
 C = Inter-level travel time spent in this place.
 D = Time resting spent in this place.
 E = Time spent auto-exploring this place.
 F = Levels seen in this place.
 G = Mean time per level.
                   A        B        C        D        E       F      G
               +--------+--------+--------+--------+--------+-----+--------+
         Total |   7449 |   6924 |    525 |      0 |   6220 |   7 | 1064.1 |
       Dungeon |   7401 |   6911 |    490 |      0 |   6209 |   6 | 1233.5 |
        Temple |     47 |     12 |     35 |      0 |     11 |   1 |   47.0 |
               +--------+--------+--------+--------+--------+-----+--------+

Top non-repeatable levels by time:
     D:4: 1827 daAuts
     D:1: 1431 daAuts
     D:5: 1375 daAuts
     D:3: 1236 daAuts
     D:2: 1054 daAuts
     D:6: 476 daAuts
  Temple: 47 daAuts
